TOP OF THE 1ST |
Salem Silver Souls batting - Pitching for Memphis Blues : RHP Kunihiko Daikawa
|
Pitching: RHP Kunihiko Daikawa
|
|
Batting: RHB Félix García
|
0-0: Ball 1-0: Called Strike 1-1: Foul Ball, location: 2F 1-2: Strikes out swinging
|
Batting: LHB Jeff Doss
|
0-0: Ball 1-0: Ball 2-0: Foul Ball, location: 2F 2-1: Ball 3-1: SINGLE (Groundball, 4MD)
|
Batting: RHB Juan Vareas
|
0-0: Foul Ball, location: 2F 0-1: SINGLE (Groundball, 6MD) Jeff Doss to second
|
Batting: LHB Raúl Cordero
|
0-0: Ball 1-0: Fly out, F7 (Flyball, 78S)
|
Batting: LHB Ezechiele Bruno
|
0-0: Ball 1-0: Foul Ball, location: 2F 1-1: Ball 2-1: Foul Ball, location: 2F 2-2: Strikes out swinging
|
Top of the 1st over - 0 run(s), 2 hit(s), 0 error(s), 2 left on base; Salem 0 - Memphis 0 |
BOTTOM OF THE 1ST |
Memphis Blues batting - Pitching for Salem Silver Souls : LHP Pat Candelária
|
Pitching: LHP Pat Candelária
|
|
Batting: RHB Dave O'Neill
|
0-0: Ball 1-0: Ball 2-0: Ball 3-0: Called Strike 3-1: Called Strike 3-2: Ground out 1-3 (Groundball, 23)
|
Batting: RHB Leopoldo Horgan
|
0-0: Foul Ball, location: 2F 0-1: Swinging Strike 0-2: Strikes out swinging
|
Batting: RHB Dale Taylor
|
0-0: Called Strike 0-1: SINGLE (Groundball, 4MD)
|
Batting: RHB Bob Orr
|
0-0: Ball Wild Pitch! Dale Taylor to second 1-0: Ball 2-0: Foul Ball, location: 2F 2-1: 2-RUN HOME RUN (Flyball, 9LD), Distance : 351 ft
|
Batting: RHB Sadao Kato
|
0-0: Ball 1-0: Ball 2-0: Fly out, F8 (Flyball, 89M)
|
Bottom of the 1st over - 2 run(s), 2 hit(s), 0 error(s), 0 left on base; Salem 0 - Memphis 2 |
TOP OF THE 2ND |
Salem Silver Souls batting - Pitching for Memphis Blues : RHP Kunihiko Daikawa
|
Batting: RHB Gustavo Pagán
|
0-0: Ball 1-0: Fly out, F9 (Flyball, 89S)
|
Batting: RHB Jesús Gutiérrez
|
0-0: Ground out U3 (Groundball, 3L)
|
Batting: RHB Alejandro Martínez
|
0-0: Ball 1-0: Ball 2-0: Foul Ball, location: 2F 2-1: Fly out, F8 (Flyball, 8LD)
|
Top of the 2nd over - 0 run(s), 0 hit(s), 0 error(s), 0 left on base; Salem 0 - Memphis 2 |
BOTTOM OF THE 2ND |
Memphis Blues batting - Pitching for Salem Silver Souls : LHP Pat Candelária
|
Batting: RHB Glenn Melican
|
0-0: Ball 1-0: Foul Ball, location: 2F 1-1: Called Strike 1-2: Ball 2-2: Strikes out swinging
|
Batting: LHB Ken Nelson
|
0-0: Called Strike 0-1: Fly out, F8 (Flyball, 8LS)
|
Batting: RHB Raúl Perales
|
0-0: Fly out, F8 (Flyball, 8LD)
|
Bottom of the 2nd over - 0 run(s), 0 hit(s), 0 error(s), 0 left on base; Salem 0 - Memphis 2 |
TOP OF THE 3RD |
Salem Silver Souls batting - Pitching for Memphis Blues : RHP Kunihiko Daikawa
|
Batting: RHB Willie Houk
|
0-0: Called Strike 0-1: Fly out, F5 (Line Drive, 5L)
|
Batting: RHB Félix García
|
0-0: Ball 1-0: Ball 2-0: SINGLE (Line Drive, 5D)
|
Batting: LHB Jeff Doss
|
0-0: Called Strike 0-1: Foul Ball, location: 2F 0-2: Strikes out swinging
|
Batting: RHB Juan Vareas
|
0-0: Ball 1-0: Called Strike 1-1: Ball 2-1: Foul Ball, location: 2F 2-2: Ball 3-2: Base on Balls Félix García to second
|
Batting: LHB Raúl Cordero
|
0-0: Ball 1-0: Ball 2-0: Ball 3-0: Base on Balls Félix García to third Juan Vareas to second
|
Batting: LHB Ezechiele Bruno
|
0-0: Foul Ball, location: 2F 0-1: Swinging Strike 0-2: Fielders Choice at 2nd, U4 (Groundball, 4M)
|
Top of the 3rd over - 0 run(s), 1 hit(s), 0 error(s), 3 left on base; Salem 0 - Memphis 2 |
BOTTOM OF THE 3RD |
Memphis Blues batting - Pitching for Salem Silver Souls : LHP Pat Candelária
|
Batting: LHB Arturo Rivera
|
0-0: Ball 1-0: Ball 2-0: SINGLE (Groundball, 4MD)
|
Batting: RHB Dave O'Neill
|
0-0: Ball 1-0: Ball 2-0: Called Strike 2-1: Grounds into double play, 6-4-3 (Groundball, 6)
|
Batting: RHB Leopoldo Horgan
|
0-0: Ball 1-0: Fly out, F8 (Line Drive, 8LM)
|
Bottom of the 3rd over - 0 run(s), 1 hit(s), 0 error(s), 0 left on base; Salem 0 - Memphis 2 |
TOP OF THE 4TH |
Salem Silver Souls batting - Pitching for Memphis Blues : RHP Kunihiko Daikawa
|
Batting: RHB Gustavo Pagán
|
0-0: Swinging Strike 0-1: Swinging Strike 0-2: Strikes out looking
|
Batting: RHB Jesús Gutiérrez
|
0-0: DOUBLE (Line Drive, 5)
|
Batting: RHB Alejandro Martínez
|
0-0: Called Strike 0-1: Swinging Strike 0-2: Ball 1-2: SINGLE (Line Drive, 56) Jesús Gutiérrez to third Runner from 3rd tries for Home, throw and OUT!
|
Now in LF: Jorge Silva
|
|
Batting: RHB Willie Houk
|
0-0: Ball 1-0: Swinging Strike 1-1: Swinging Strike 1-2: Foul Ball, location: 2F 1-2: Fly out, F7 (Flyball, 7D)
|
Top of the 4th over - 0 run(s), 2 hit(s), 0 error(s), 1 left on base; Salem 0 - Memphis 2 |
BOTTOM OF THE 4TH |
Memphis Blues batting - Pitching for Salem Silver Souls : LHP Pat Candelária
|
Batting: RHB Dale Taylor
|
0-0: Ball 1-0: Ball 2-0: Fly out, F8 (Line Drive, 8LD)
|
Batting: RHB Bob Orr
|
0-0: Ball 1-0: Ball 2-0: Fly out, F8 (Line Drive, 8LD)
|
Batting: RHB Sadao Kato
|
0-0: Ball 1-0: Ball 2-0: Ground out 4-3 (Groundball, 13)
|
Bottom of the 4th over - 0 run(s), 0 hit(s), 0 error(s), 0 left on base; Salem 0 - Memphis 2 |
TOP OF THE 5TH |
Salem Silver Souls batting - Pitching for Memphis Blues : RHP Kunihiko Daikawa
|
Batting: RHB Félix García
|
0-0: Hit by Pitch
|
Batting: LHB Jeff Doss
|
0-0: Called Strike 0-1: Ball 1-1: Ball 2-1: DOUBLE (Flyball, 78D) Félix García to third
|
Pinch Runner at 2nd Jeff McKinney:
|
|
Batting: RHB Juan Vareas
|
0-0: Fly out, F8 (Line Drive, 8LM) Runner from 3rd tags up, SCORES, throw made
|
Batting: LHB Raúl Cordero
|
0-0: Fly out, F7 (Flyball, 78M)
|
Batting: LHB Ezechiele Bruno
|
0-0: Ball 1-0: Ball 2-0: Called Strike 2-1: Foul Ball, location: 2F 2-2: Strikes out swinging
|
Top of the 5th over - 1 run(s), 1 hit(s), 0 error(s), 1 left on base; Salem 1 - Memphis 2 |
BOTTOM OF THE 5TH |
Memphis Blues batting - Pitching for Salem Silver Souls : LHP Pat Candelária
|
Now at SS: Jeff McKinney
|
|
Batting: RHB Glenn Melican
|
0-0: Ball 1-0: Called Strike 1-1: Ball 2-1: Ground out 4-3 (Groundball, 4M)
|
Batting: LHB Ken Nelson
|
0-0: Ball 1-0: Ball 2-0: Foul Ball, location: 2F 2-1: Foul Ball, location: 2F 2-2: Ball 3-2: Fly out, F7 (Flyball, 7LS)
|
Batting: LHB Jorge Silva
|
0-0: Ball 1-0: Ball 2-0: Called Strike 2-1: Swinging Strike 2-2: Fly out, F7 (Flyball, 78S)
|
Bottom of the 5th over - 0 run(s), 0 hit(s), 0 error(s), 0 left on base; Salem 1 - Memphis 2 |
TOP OF THE 6TH |
Salem Silver Souls batting - Pitching for Memphis Blues : RHP Kunihiko Daikawa
|
Batting: RHB Gustavo Pagán
|
0-0: Ball 1-0: Called Strike 1-1: Ball 2-1: SINGLE (Flyball, 8RS)
|
Batting: RHB Jesús Gutiérrez
|
0-0: Ball 1-0: Ball 2-0: Ball 3-0: Base on Balls Gustavo Pagán to second
|
Batting: RHB Alejandro Martínez
|
0-0: Grounds into double play, 6-4-3 (Groundball, 6M) Gustavo Pagán to third
|
Batting: RHB Willie Houk
|
0-0: Called Strike 0-1: Ball 1-1: Swinging Strike 1-2: Foul Ball, location: 2F 1-2: Ball 2-2: Foul Ball, location: 2F 2-2: Foul Ball, location: 2F 2-2: Fly out, F7 (Flyball, 7D)
|
Top of the 6th over - 0 run(s), 1 hit(s), 0 error(s), 1 left on base; Salem 1 - Memphis 2 |
BOTTOM OF THE 6TH |
Memphis Blues batting - Pitching for Salem Silver Souls : LHP Pat Candelária
|
Batting: LHB Arturo Rivera
|
0-0: Called Strike 0-1: Ball 1-1: Foul Ball, location: 2F 1-2: Foul Ball, location: 2F 1-2: SINGLE (Groundball, 4MD)
|
Batting: RHB Dave O'Neill
|
0-0: Called Strike 0-1: Called Strike 0-2: Ball 1-2: Ball 2-2: Grounds into double play, 6-4-3 (Groundball, 6M)
|
Batting: RHB Leopoldo Horgan
|
0-0: Ground out 6-3 (Groundball, 6)
|
Bottom of the 6th over - 0 run(s), 1 hit(s), 0 error(s), 0 left on base; Salem 1 - Memphis 2 |
TOP OF THE 7TH |
Salem Silver Souls batting - Pitching for Memphis Blues : RHP Kunihiko Daikawa
|
Pitching: LHP Ramón Vázquez
|
|
Batting: RHB Félix García
|
0-0: Called Strike 0-1: Foul Ball, location: 2F 0-2: Fly out, F8 (Flyball, 8RD)
|
Batting: LHB Jeff McKinney
|
0-0: Called Strike 0-1: DOUBLE (Flyball, 8LXD)
|
Batting: RHB Juan Vareas
|
0-0: Ball 1-0: Called Strike 1-1: Ball 2-1: Ball 3-1: Base on Balls
|
Pinch Hitting: RHB Juan López
|
0-0: Called Strike 0-1: Ball 1-1: Called Strike 1-2: Strikes out looking
|
Pinch Hitting: RHB Ron Edwards
|
0-0: Ball 1-0: Ball 2-0: Fly out, F9 (Flyball, 9M)
|
Top of the 7th over - 0 run(s), 1 hit(s), 0 error(s), 2 left on base; Salem 1 - Memphis 2 |
BOTTOM OF THE 7TH |
Memphis Blues batting - Pitching for Salem Silver Souls : LHP Pat Candelária
|
Now at 1B: Ron Edwards
|
|
Now in LF: Juan López
|
|
Batting: RHB Dale Taylor
|
0-0: Ball 1-0: Ball 2-0: Called Strike 2-1: Ball 3-1: Base on Balls
|
Batting: RHB Bob Orr
|
0-0: Ball 1-0: SINGLE (Groundball, 34S) Dale Taylor to second Runner from 2nd tries for 3rd, SAFE, throw made to third
|
Batting: RHB Sadao Kato
|
0-0: Called Strike 0-1: Foul Ball, location: 2F 0-2: Foul Ball, location: 2F 0-2: Foul Ball, location: 2F 0-2: Foul Ball, location: 2F 0-2: Foul Ball, location: 2F 0-2: Ball 1-2: Foul Ball, location: 2F 1-2: Foul Ball, location: 2F 1-2: Ball 2-2: Ball 3-2: Fly out, F8 (Flyball, 8LXD) Runner from 3rd tags up, SCORES, no throw
|
Batting: RHB Glenn Melican
|
0-0: Called Strike 0-1: Ball 1-1: Ball 2-1: Grounds into double play, 5-4-3 (Groundball, 56)
|
Bottom of the 7th over - 1 run(s), 1 hit(s), 0 error(s), 0 left on base; Salem 1 - Memphis 3 |
TOP OF THE 8TH |
Salem Silver Souls batting - Pitching for Memphis Blues : LHP Ramón Vázquez
|
Now at SS: Lorenzo Mota
|
|
Batting: RHB Gustavo Pagán
|
0-0: Swinging Strike 0-1: Ball 1-1: Swinging Strike 1-2: Foul Ball, location: 2F 1-2: Foul Ball, location: 2F 1-2: Ball 2-2: Foul Ball, location: 2F 2-2: Foul Ball, location: 2F 2-2: Ground out 4-3 (Groundball, 4M)
|
Batting: RHB Jesús Gutiérrez
|
0-0: Called Strike 0-1: Ball 1-1: Foul Ball, location: 2F 1-2: Ball 2-2: Ball 3-2: Foul Ball, location: 2F 3-2: Foul Ball, location: 2F 3-2: Base on Balls
|
Pitching: RHP Jerry Poole
|
|
Batting: RHB Alejandro Martínez
|
0-0: Ball 1-0: Fly out, F9 (Flyball, 9LS)
|
Batting: RHB Willie Houk
|
0-0: Called Strike 0-1: Foul Ball, location: 2F 0-2: Fielders Choice at 2nd, 5-4 (Groundball, 56)
|
Top of the 8th over - 0 run(s), 0 hit(s), 0 error(s), 0 left on base; Salem 1 - Memphis 3 |
BOTTOM OF THE 8TH |
Memphis Blues batting - Pitching for Salem Silver Souls : LHP Pat Candelária
|
Batting: LHB Ken Nelson
|
0-0: Ball 1-0: Ball 2-0: Called Strike 2-1: TRIPLE (Flyball, 89M)
|
Pitching: RHP Dave Woods
|
|
Batting: LHB Jorge Silva
|
0-0: Foul Ball, location: 2F 0-1: Ball 1-1: Foul Ball, location: 2F 1-2: Ball 2-2: Ball 3-2: Base on Balls
|
Batting: LHB Arturo Rivera
|
0-0: Ball 1-0: Ball 2-0: Foul Ball, location: 2F 2-1: Foul Ball, location: 2F 2-2: Foul Ball, location: 2F 2-2: Strikes out swinging
|
Batting: RHB Dave O'Neill
|
0-0: Called Strike 0-1: Ball 1-1: Ball 2-1: Fly out, F8 (Flyball, 8LM) Runner from 3rd tags up, SCORES, throw made
|
Batting: RHB Leopoldo Horgan
|
0-0: Swinging Strike 0-1: Swinging Strike 0-2: Strikes out swinging
|
Bottom of the 8th over - 1 run(s), 1 hit(s), 0 error(s), 1 left on base; Salem 1 - Memphis 4 |
TOP OF THE 9TH |
Salem Silver Souls batting - Pitching for Memphis Blues : RHP Jerry Poole
|
Pitching: RHP Tim Lyons
|
|
Now in CF: Mark Folger
|
|
Batting: RHB Félix García
|
0-0: Ball 1-0: Ball 2-0: Called Strike 2-1: Foul Ball, location: 2F 2-2: Foul Ball, location: 2F 2-2: Ball 3-2: Base on Balls
|
Batting: LHB Jeff McKinney
|
0-0: Ball 1-0: Ball 2-0: Called Strike 2-1: Foul Ball, location: 2F 2-2: Ball 3-2: Base on Balls Félix García to second
|
Batting: RHB Juan Vareas
|
0-0: Ball 1-0: Foul Ball, location: 2F 1-1: Fly out, F7 (Flyball, 7LS)
|
Pinch Hitting: LHB Bill Smith
|
0-0: Fielders Choice at 2nd, 4-6 (Groundball, 4) Félix García to third
|
Pinch Hitting: SHB Todd Smith
|
0-0: Ground out U3 (Groundball, 3S)
|
Top of the 9th over - 0 run(s), 0 hit(s), 0 error(s), 2 left on base; Salem 1 - Memphis 4 |
|